Map: [EWC] Oceanborn

Players

Spirit

  • Race: Terran Terran
  • Spawn Location: 5:00

herO - Winner!

  • Race: Protoss Protoss
  • Spawn Location: 11:00

Event: Esports World Cup 2024

VOD

Have the link to the VOD?

Description

Time

  • Played on: Aug. 17, 2024, 7:36 a.m.
  • Length: 12:13

All games in this series

Show
View Real Time Build Order
Export as new Build Order

Spirit Terran 

Build Orders: Cyclone Opening, Reaper Expand 

Get SALT Encoding   

  12  0:00  SCV  
  13  0:12  SCV  
  14  0:16  Supply Depot  
  14  0:24  SCV  
  15  0:38  SCV  
  15  0:39  Barracks  
  16  0:44  Refinery  
  16  0:50  SCV  
  17  1:02  SCV  
  18  1:14  SCV  
  19  1:26  Orbital Command  
  19  1:27  Reaper  
  20  1:39  Command Center  
  20  1:50  Supply Depot  
  20  1:52  SCV  
  21  1:59  Marine  
  22  2:04  SCV  
  22  2:07  Factory  
  23  2:12  Refinery  
  23  2:16  SCV  
  23  2:17  Marine  
  25  2:24  Bunker  
  25  2:28  SCV  
  26  2:36  Barracks Reactor  
  26  2:40  SCV  
  27  2:51  Orbital Command, Cyclone  
  29  2:54  SCV  
  29  2:58  Starport  
  30  3:07  SCV  
  30  3:10  Supply Depot  
  31  3:14  Marine x2  
  31  3:18  SCV  
  31  3:19  SCV  
  35  3:24  Factory Tech Lab  
  35  3:30  SCV  
  35  3:31  SCV  
  35  3:33  Marine x2  
  39  3:42  SCV  
  39  3:43  SCV  
  39  3:47  Cloaking Field, Banshee  
  44  3:51  Marine x2  
  44  3:54  SCV  
  44  3:55  SCV  
  48  3:58  Factory Tech Lab  
  48  4:01  Supply Depot  
  48  4:06  SCV  
  48  4:07  SCV  
  50  4:12  Command Center  
  49  4:18  SCV  
  49  4:19  SCV  
  49  4:23  Barracks  
  51  4:25  Barracks  
  51  4:30  Banshee, Stimpack  
  54  4:34  SCV  
  54  4:35  Engineering Bay  
  55  4:39  Supply Depot  
  55  4:40  SCV  
  55  4:41  Marine  
  57  4:46  Refinery  
  57  4:48  Refinery  
  57  4:49  SCV  
  57  4:52  SCV  
  59  4:59  Supply Depot, Marauder  
  61  5:01  Supply Depot, SCV  
  61  5:04  Terran Infantry Weapons Level 1  
  61  5:05  SCV  
  61  5:06  Factory Reactor  
  63  5:12  Marine x2  
  65  5:19  Starport Reactor, Barracks  
  65  5:20  Barracks  
  65  5:24  Combat Shield  
  65  5:25  Marauder  
  67  5:29  Orbital Command  
  67  5:30  SCV  
  67  5:32  SCV  
  67  5:33  Marine  
  67  5:34  Marine  
  71  5:37  Marauder  
  71  5:42  SCV  
  74  5:43  Missile Turret  
  74  5:45  SCV  
  74  5:47  Orbital Command  
  75  5:52  Marine, Marauder  
  75  5:55  Supply Depot, SCV  
  75  5:56  Marine  
  80  5:59  Marauder, Medivac  
  80  6:03  SCV, Medivac  
  87  6:09  Widow Mine x2  
  87  6:10  Barracks Tech Lab x2, Concussive Shells  
  87  6:11  SCV, Marine  
  92  6:13  SCV  
  92  6:14  Marine  
  92  6:17  Marine  
  96  6:19  SCV  
  96  6:23  SCV, Marauder  
  100  6:28  Supply Depot, SCV  
  100  6:29  Marine  
  100  6:30  Widow Mine  
  100  6:31  Marine, Marauder  
  100  6:32  SCV  
  105  6:34  Marauder  
  105  6:36  Widow Mine  
  109  6:47  SCV x3, Medivac x2  
  116  6:50  Marauder  
  116  6:52  Bunker  
  118  6:55  Ghost Academy  
  118  6:56  Supply Depot  
  118  6:58  Terran Infantry Armor Level 1, Widow Mine x2  
  118  6:59  SCV x2  
  124  7:02  Marauder  
  124  7:05  Supply Depot  
  125  7:10  Missile Turret  
  125  7:18  SCV x2, Marine x5  
  125  7:19  Supply Depot  
  132  7:23  Supply Depot  
  132  7:27  Viking x2  
  132  7:29  Supply Depot  
  136  7:30  Supply Depot, SCV x3  
  136  7:36  Refinery  
  136  7:37  Refinery  
  139  7:38  Marauder  
  139  7:42  SCV x2  
  139  7:44  Marine, Marauder  
  143  7:46  Supply Depot  
  143  7:48  SCV  
  143  7:49  Supply Depot  
  147  7:53  Supply Depot, Marauder  
  147  7:54  Supply Depot, SCV x2  
  147  7:57  Widow Mine x2  
  155  8:00  SCV, Marine  
  152  8:06  SCV x2  
  158  8:12  SCV  
  158  8:17  Medivac  
  165  8:20  Medivac  
  165  8:21  Ghost x3  
  165  8:22  Marine x2  
  165  8:25  Widow Mine  
  168  8:31  Marauder  
  168  8:33  Widow Mine  
  169  8:37  Command Center  
  169  8:40  Marine x2  
  167  8:47  Widow Mine  
  169  8:49  Medivac  
  169  8:50  Marine, Marauder x2  
  169  8:51  Marine  
  169  8:54  Widow Mine  
  176  8:58  Marine x2  
  172  9:02  Medivac  
  172  9:08  Marauder  
  174  9:10  Marauder  
  174  9:11  Marine, Marauder  
  174  9:15  SCV  
  174  9:16  Marine x2  
  165  9:17  SCV  
  165  9:21  Orbital Command  
  156  9:28  SCV  
  156  9:29  SCV, Marauder  
  156  9:30  Marauder  
  156  9:31  Marine, Medivac  
  154  9:32  Marine  
  154  9:34  Marine x2  
  154  9:36  Medivac  
  142  9:40  SCV  
  142  9:41  SCV  
  141  9:49  Marauder  
  141  9:50  Marine  
  141  9:51  Marauder x2  
  148  9:53  Widow Mine x2  
  148  9:59  SCV, Marine  
  154  10:08  Planetary Fortress, Refinery, Ghost  
  154  10:09  Marine, Ghost  
  154  10:11  Ghost  
  154  10:12  Marauder  
  163  10:17  Marine  
  163  10:21  Viking  
  162  10:27  Marine  
  156  10:34  Marauder  
  156  10:35  Marine  
  149  10:37  Marauder  
  149  10:39  Marauder  
  149  10:41  Marauder  
  145  10:45  Marine  
  138  10:53  SCV x3, Marine  
  138  10:54  Marine  
  139  10:58  Marine  
  139  10:59  Ghost  
  139  11:00  Viking  
  139  11:01  Marine  
  139  11:03  Marine  
  146  11:05  SCV x3  
  146  11:11  Marine  
  141  11:13  Marauder  
  141  11:16  Marine  
  141  11:17  SCV x2  
  123  11:19  Orbital Command  
  123  11:20  Marauder  
  123  11:21  Marine  
  95  11:28  Marine  
  95  11:29  Marauder  
  83  11:34  Marine, Marauder  
  83  11:38  Marine  
  71  11:41  Marine, Viking  
  71  11:43  Viking  
  67  11:50  Marine  
  63  11:51  Marine  
  63  11:55  Marine  
Show
View Real Time Build Order
Export as new Build Order

herO Protoss - Winner!

Build Orders: 1 Gate Expand, Phoenix Opening 

Get SALT Encoding   

  12  0:00  Probe  
  13  0:12  Probe  
  14  0:17  Pylon  
  14  0:24  Probe  
  15  0:35  Gateway  
  15  0:36  Probe (Chrono Boost)  
  16  0:43  Assimilator  
  16  0:48  Probe (Chrono Boost)  
  17  0:53  Probe (Chrono Boost)  
  18  1:03  Probe  
  19  1:15  Probe  
  20  1:22  Cybernetics Core  
  20  1:30  Nexus  
  20  1:37  Pylon  
  21  1:40  Probe  
  21  1:45  Assimilator  
  21  1:52  Probe  
  22  1:55  Stalker (Chrono Boost)  
  22  1:59  Warp Gate  
  24  2:04  Probe (Chrono Boost)  
  26  2:16  Probe (Chrono Boost)  
  26  2:21  Sentry  
  28  2:23  Probe (Chrono Boost)  
  28  2:28  Shield Battery  
  29  2:30  Probe  
  30  2:43  Probe (Chrono Boost)  
  32  2:44  Stalker  
  32  2:48  Probe (Chrono Boost)  
  32  2:50  Gateway  
  35  2:52  Probe (Chrono Boost)  
  35  2:54  Phoenix  
  35  2:56  Probe (Chrono Boost)  
  35  2:57  Probe (Chrono Boost)  
  36  3:00  Twilight Council  
  37  3:06  Probe  
  37  3:09  Probe  
  37  3:10  Pylon  
  39  3:21  Probe x2  
  41  3:28  Robotics Facility  
  41  3:33  Probe x2  
  43  3:42  Nexus  
  43  3:46  Probe x2  
  45  3:54  Stalker  
  47  3:55  Stalker  
  47  3:58  Probe x2  
  51  4:05  Pylon  
  51  4:08  Pylon  
  51  4:10  Probe  
  51  4:12  Probe  
  51  4:16  Observer (Chrono Boost)  
  54  4:17  Assimilator, Blink (Chrono Boost)  
  54  4:18  Assimilator  
  54  4:23  Probe  
  55  4:26  Phoenix, Probe  
  56  4:33  Observer (Chrono Boost)  
  56  4:36  Shield Battery  
  56  4:37  Probe  
  56  4:38  Probe  
  59  4:39  Stalker  
  59  4:40  Stalker  
  63  4:46  Shield Battery  
  63  4:49  Probe  
  63  4:50  Probe  
  65  4:54  Pylon  
  65  4:55  Probe (Chrono Boost)  
  65  4:57  Immortal (Chrono Boost)  
  72  5:09  Probe x2 (Chrono Boost)  
  72  5:11  Probe (Chrono Boost)  
  73  5:15  Stalker x2  
  73  5:16  Probe x2 (Chrono Boost)  
  73  5:17  Probe  
  80  5:22  Pylon  
  80  5:26  Robotics Bay  
  80  5:27  Probe x2  
  82  5:29  Probe  
  82  5:32  Observer  
  82  5:35  Shield Battery  
  84  5:38  Templar Archives  
  84  5:39  Gateway  
  84  5:40  Gateway  
  84  5:42  Gateway  
  84  5:44  Probe  
  84  5:45  Sentry, Probe  
  84  5:49  Stalker  
  90  5:55  Gateway  
  90  5:57  Gateway  
  90  6:00  Gateway  
  90  6:02  Pylon  
  90  6:09  Stalker  
  89  6:11  Probe x2  
  89  6:16  Assimilator  
  89  6:18  Psionic Storm  
  90  6:21  Forge, Probe  
  90  6:22  Assimilator, Warp Prism (Chrono Boost)  
  90  6:23  Probe x2  
  95  6:36  High Templar x2  
  99  6:40  Charge (Chrono Boost), Probe  
  99  6:41  Shield Battery, Probe x2  
  99  6:43  Zealot x3  
  108  6:52  Probe, Pylon  
  109  6:57  Protoss Ground Weapons Level 1  
  109  7:00  Pylon  
  109  7:02  Observer  
  109  7:05  Pylon  
  109  7:06  Gateway  
  109  7:10  High Templar, Probe x2  
  109  7:11  Zealot x2  
  117  7:17  Pylon  
  117  7:18  Nexus  
  117  7:21  Shield Battery  
  117  7:22  High Templar  
  117  7:23  Zealot, High Templar  
  123  7:35  Robotics Bay, Probe x3  
  123  7:37  Photon Cannon  
  126  7:38  Pylon  
  126  7:43  Observer  
  127  7:45  Zealot x2  
  127  7:46  Pylon  
  131  7:52  Probe x3  
  131  7:53  Pylon  
  134  7:59  Robotics Facility  
  134  8:03  Zealot x4, High Templar x2  
  146  8:06  Zealot x2  
  146  8:07  Archon  
  150  8:19  Photon Cannon  
  150  8:23  Archon  
  148  8:27  Stalker x6  
  148  8:28  Zealot  
  148  8:30  Probe x3  
  165  8:39  Colossus  
  171  8:41  Probe  
  171  8:43  Pylon  
  171  8:47  Zealot x2  
  176  8:53  Zealot x3  
  175  9:08  Pylon  
  175  9:09  Pylon x2  
  163  9:10  Pylon  
  148  9:23  Colossus (Chrono Boost)  
  149  9:27  Stalker x4  
  141  9:32  Zealot  
  132  9:47  High Templar x2  
  132  9:50  Zealot x3  
  142  9:55  Pylon  
  142  9:57  High Templar x2  
  146  10:02  Probe x3  
  148  10:14  Disruptor (Chrono Boost)  
  146  10:23  Zealot x5  
  149  10:31  Zealot x2  
  149  10:32  Disruptor  
  129  10:52  Zealot x6, High Templar  
  129  10:55  Zealot x2  
  145  10:59  Archon  
  145  11:10  Disruptor  
  141  11:16  Zealot x7  
  129  11:19  Archon  
  113  11:37  Zealot x7  
  125  11:43  Stalker x2  
Tags
 
Add a new tag
Caveats
  • Supply blocks, unpowered buildings, or Contaminate may cause inaccurate times.
  • Supply counts are checked every 10 seconds.